 Dungeon Crawl Stone Soup version 0.31.0-11-ge490571c62 (webtiles) character file.

Game seed: 9837597292951432607

4863 dialectric the Protected (level 10, -6/86 HPs)
             Began as a Minotaur Fighter on Jan 28, 2024.
             Killed from afar by an acid dragon (18 damage)
             ... with a splash of acid
             ... on level 9 of the Dungeon.
             The game lasted 00:08:03 (7283 turns).

dialectric the Protected (Minotaur Fighter)         Turns: 7283, Time: 00:08:04

Health: -6/86      AC: 13    Str: 28    XL:     10   Next: 26%
Magic:  9/9        EV: 11    Int:  5    God:
Gold:   444        SH:  0    Dex: 10    Spells: 9/9 levels left

rFire   . . .        E - +8 whip "Oneqyer" {flame, rN+ Str+3 SInv}
rCold   . . .        (no shield)
rNeg    + . .        L - +0 chain mail
rPois   +            (helmet restricted)
rElec   .            N - +0 cloak
rCorr   .            (no gloves)
SInv    +            (no boots)
Will    .....        j - amulet of regeneration Stlth
                     H - ring of poison resistance
HPRegen 1.14/turn    (no ring)
MPRegen 0.11/turn

%: no passive effects
@: slowed, very slow
A: horns 2, retaliatory headbutt
a: no special abilities


You were on level 9 of the Dungeon.
You visited 2 branches of the dungeon, and saw 10 of its levels.

You collected 444 gold pieces.

Inventory:

Hand Weapons
 a - a +0 flail
 o - a +1 dagger of venom
 E - the +8 whip "Oneqyer" (weapon) {flame, rN+ Str+3 SInv}
   (You found it on level 5 of the Dungeon)

   Str+3:     It affects your strength (+3).
   rN+:       It protects you from negative energy.
   SInv:      It lets you see invisible.
Missiles
 s - 9 poisoned darts (quivered)
 x - 2 throwing nets
Armour
 b - a +0 scale mail
 c - a +0 buckler
 d - the +0 buckler of the Black Moon {rC++}
   (You found it on level 6 of the Dungeon)

   rC++:      It greatly protects you from cold.
 r - a scarf of harm
 L - a +0 chain mail (worn)
 N - a +0 cloak (worn)
Jewellery
 j - an amulet of regeneration (around neck)
 C - an amulet of magic regeneration
 H - a ring of poison resistance (left hand)
 I - an amulet of guardian spirit
 K - an amulet of the acrobat
Wands
 p - a wand of iceblast (7)
 y - a wand of polymorph (23)
 J - a wand of flame (16)
 M - a wand of charming (6)
Scrolls
 e - a scroll of immolation {unknown}
 f - 2 scrolls of revelation {unknown}
 g - a scroll of teleportation {unknown}
 i - 2 scrolls of enchant armour {unknown}
 k - a scroll of acquirement {unknown}
 l - a scroll of brand weapon {unknown}
 m - 3 scrolls of fog {unknown}
 t - 3 scrolls of blinking {unknown}
 v - a scroll of butterflies {unknown}
 w - 2 scrolls of vulnerability {unknown}
 B - a scroll of amnesia {unknown}
 G - 2 scrolls of fear {unknown}
Potions
 h - a potion of resistance
 n - a potion of cancellation
 q - 4 potions of curing
 u - 2 potions of attraction {unknown}
 z - 2 potions of haste
 A - a potion of heal wounds
 D - a potion of lignification
 F - 2 potions of mutation


   Skills:
 + Level 7.3 Fighting
 + Level 10.0 Maces & Flails
 + Level 2.1 Throwing
 - Level 12.0 Armour
 + Level 6.2 Dodging
 - Level 4.0 Shields
 + Level 0.4 Evocations


You had 9 spell levels left.
You didn't know any spells.
Your spell library contained the following spells:

 Spells                   Type           Power      Damage    Failure   Level
 Lesser Beckoning         Tloc           0%         N/A       95%         2
 Scorch                   Fire           0%         2d5       95%         2
 Static Discharge         Conj/Air       0%         3-3/arc   95%         2
 Gell's Gravitas          Tloc           0%         N/A       99%         3
 Teleport Other           Tloc           0%         N/A       99%         3
 Airstrike                Air            0%         2d(0-16)  100%        4
 Flame Wave               Conj/Fire      0%         2d4       100%        4
 Summon Lightning Spire   Summ/Air       0%         N/A       100%        4
 Summon Cactus Giant      Summ           0%         N/A       100%        6


Dungeon Overview and Level Annotations

Branches:
Dungeon (9/15)             Temple (1/1) D:6
   Lair: D:8-11         Orc: D:9-12

Altars:
Ashenzari
Cheibriados
Dithmenos
Elyvilon
Fedhas
Gozag
Hepliaklqana
Kikubaaqudgha
Makhleb
Nemelex Xobeh
Okawaru
Qazlal
Ru
Sif Muna
Trog
Uskayaw
Vehumet
Wu Jian
Xom
Yredelemnul
Zin
The Shining One

Annotations:
D:8 Amaemon


Innate Abilities, Weirdness & Mutations

You have a pair of horns on your head.
You reflexively headbutt those who attack you in melee.


Message History

The wraith hits you but does no damage.
Unknown command.
You whack the wraith! You burn the wraith.
The wraith is severely damaged.
The wraith barely misses you. You furiously retaliate!
You headbutt the wraith!
You destroy the wraith!
Your Maces & Flails skill increases to level 10!
Unknown command.
The acid dragon barely misses you.
The acid dragon claws you but does no damage.
You see here a potion of curing.
The orc warrior shouts!
You hear a shout!
You hear an angry hiss.
The acid dragon closely misses you. The acid dragon claws you.
The cyclops throws a large rock.
The large rock hits you! The acid dragon closely misses you.
The acid dragon claws you.
You hit the acid dragon but do no damage.
The acid dragon bites you but does no damage.
The acid dragon misses you.
An orc warrior comes into view. It is wielding a +0 scimitar.
Unknown command.
You hit the acid dragon. You burn the acid dragon.
The acid dragon is lightly wounded.
The acid dragon barely misses you. You furiously retaliate!
You headbutt the acid dragon. The acid dragon barely misses you.
A steam dragon comes into view.
You hit the acid dragon. You burn the acid dragon.
The acid dragon is heavily wounded.
The cyclops throws a large rock.
The large rock hits you!! The acid dragon spits acid at you.
The splash of acid hits you!!
* * * LOW HITPOINT WARNING * * *
You are too injured to fight recklessly!
Unknown command.
You whack the acid dragon! You burn the acid dragon.
Your headbutt misses the acid dragon.
The acid dragon is almost dead.
The orc warrior barely misses you. The acid dragon spits acid at you.
The splash of acid hits you!!
You die...

# # ############## #
#............##########
#####.######...........
#.# ############ #.###
.. ##...####># ##
#.!@......# #..D#####..
#....# #.#ooC# #.##....
#. #=.$# #. .$.D# #.
.#... #. #..


You could see a cyclops, a steam dragon, 2 orc warriors and an acid dragon
(catching breath).

Vanquished Creatures
  Erica (D:8)
  Maurice (D:8)
  2 wyverns
  A wraith (D:9)
  6 yaks (D:6)
  A steam dragon (D:5)
  2 ice beasts
  2 sky beasts
  2 ogres (D:5)
  2 orc warriors
  A centaur (D:8)
  3 bullfrogs
  2 gnoll sergeants (D:7)
  A scorpion (D:6)
  3 wights (D:7)
  3 killer bees (D:7)
  A howler monkey (D:7)
  2 bombardier beetles
  2 jellies
  5 orc priests
  4 hounds
  Jessica (D:2)
  7 iguanas
  10 orc wizards
  Robin (D:4)
  5 adders
  10 gnolls
  A shadow imp (D:7)
  A white imp (D:7)
  2 ufetubi (D:6)
  5 dart slugs
  2 ribbon worms (D:2)
  24 orcs
  4 ball pythons
  7 endoplasms
  4 giant cockroaches
  7 hobgoblins
  4 jackals (D:3)
  12 kobolds
  7 quokkas
  5 bats
  6 frilled lizards
  20 goblins
  5 rats
197 creatures vanquished.

Vanquished Creatures (others)
  Psyche (D:8)
1 creature vanquished.

Grand Total: 198 creatures vanquished

Notes
Turn   | Place    | Note
-------+----------+-------------------------------------------
     0 | D:1      | dialectric the Minotaur Fighter began the quest for the
                  | Orb.
     0 | D:1      | Reached XP level 1. HP: 19/19 MP: 0/0
   164 | D:1      | Reached XP level 2. HP: 25/27 MP: 1/1
   165 | D:1      | Reached skill level 4 in Armour
   359 | D:1      | Reached XP level 3. HP: 33/33 MP: 2/2
   864 | D:1      | Reached skill level 1 in Dodging
  1106 | D:2      | Reached XP level 4. HP: 26/41 MP: 3/3
  1339 | D:2      | Noticed Jessica
  1342 | D:2      | Killed Jessica
  1709 | D:3      | Reached skill level 5 in Fighting
  1736 | D:3      | Found a white marble altar of Elyvilon.
  1828 | D:3      | Reached XP level 5. HP: 45/48 MP: 4/4
  2608 | D:4      | Reached skill level 5 in Armour
  3007 | D:4      | Noticed Robin
  3039 | D:4      | Killed Robin
  3084 | D:4      | Reached XP level 6. HP: 48/56 MP: 5/5
  3086 | D:4      | Reached skill level 6 in Armour
  3751 | D:5      | Entered Level 5 of the Dungeon
  3860 | D:5      | Noticed a steam dragon
  3870 | D:5      | Killed a steam dragon
  3871 | D:5      | Reached skill level 7 in Armour
  3871 | D:5      | Reached XP level 7. HP: 32/61 MP: 6/6
  4037 | D:5      | Identified the +8 whip "Oneqyer" {flame, rN+ Str+3 SInv}
  4164 | D:5      | Reached skill level 1 in Throwing
  4164 | D:5      | Reached skill level 8 in Armour
  4238 | D:5      | Identified the +3 spear of Codievusm {flame, Str+7}
  4760 | D:6      | Identified the +0 buckler of the Black Moon {rC++}
  4798 | D:6      | Reached skill level 9 in Armour
  4804 | D:6      | Reached XP level 8. HP: 64/68 MP: 7/7
  4913 | D:6      | Reached skill level 10 in Armour
  4917 | D:6      | Reached skill level 5 in Maces & Flails
  4924 | D:6      | Reached skill level 11 in Armour
  4924 | D:6      | Reached skill level 5 in Dodging
  5139 | D:6      | Reached XP level 9. HP: 73/74 MP: 8/8
  5266 | D:6      | Found a staircase to the Ecumenical Temple.
  5340 | Temple   | Entered the Ecumenical Temple
  5893 | D:7      | Found a basalt altar of Yredelemnul.
  5896 | D:7      | Found an opulent altar of Gozag.
  5901 | D:7      | Found a shimmering altar of Xom.
  5965 | D:7      | Reached skill level 12 in Armour
  6720 | D:8      | Found a sacrificial altar of Ru.
  6769 | D:8      | Noticed Psyche
  6770 | D:8      | Noticed Erica
  6776 | D:8      | Paralysed by something for 4 turns
  6781 | D:8      | Killed Psyche
  6782 | D:8      | Killed Erica
  6956 | D:8      | Reached XP level 10. HP: 79/84 MP: 9/9
  6990 | D:8      | Noticed Maurice
  6997 | D:8      | Maurice stole the +0 buckler of the Black Moon {rC++}
  7003 | D:8      | Killed Maurice
  7059 | D:8      | Noticed Amaemon
  7272 | D:9      | Noticed a cyclops
  7277 | D:9      | Reached skill level 10 in Maces & Flails
  7283 | D:9      | Killed from afar by an acid dragon

Illustrated notes

Levels and vault maps discovered:
D:1:      spicycebolla_arrival_ecumenical, layout_basic
D:2:      layout_loops_ring, minmay_fractal_squares_5, uniq_jessica
D:3:      wad_crossroads, layout_basic, marbit_many_paths
D:4:      layout_loops_corners, uniq_robin
D:5:      nicolae_cairo_tiling, layout_cave_pods
D:6:      layout_basic, minmay_temple_entry_overgrown
D:7:      layout_layer_cave, grunt_temple_overflow_diamond
D:8:      layout_gridville, nicolae_ru_great_annihilating_truth, uniq_amaemon,
          uniq_erica, uniq_psyche, uniq_maurice
D:9:      layout_basic, david_orc_4, serial_curves, eino_curves_01,
          eino_curves_01, minmay_circle_x
Temple:   minmay_temple_bridge_d

Skill      XL: |  1  2  3  4  5  6  7  8  9 10 |
---------------+-------------------------------+-----
Armour         | 4 5 7 9 11 12 | 12.0
Fighting       | 4 5 6 7 |  7.3
Dodging        | 1 2 3 5 6 |  6.2
Maces & Flails | 3 4 5 9 10 | 10.0
Shields        | 4 |  4.0
Throwing       | 1 2 |  2.1
Evocations     | |  0.4

Action                     |  1- 3 |  4- 6 |  7- 9 | 10-12 || total
---------------------------+-------+-------+-------+-------++-------
  Melee: Flail             |    85 |    14 |       |       ||    99
         Headbutt          |     9 |    30 |    28 |     9 ||    76
         Punch             |     1 |       |       |     1 ||     2
         Dagger            |       |   164 |       |       ||   164
         Whip              |       |       |   199 |    42 ||   241
  Throw: Dart              |       |     5 |       |       ||     5
  Evoke: Wand              |       |       |     2 |       ||     2
    Use: Potion            |       |       |     1 |       ||     1
         Scroll            |       |       |     7 |       ||     7
   Stab: Paralysed         |       |       |     1 |       ||     1
 Armour: Scale mail        |    68 |   129 |   124 |       ||   321
         Skin              |       |       |    10 |       ||    10
         Chain mail        |       |       |     2 |    37 ||    39
  Dodge: Dodged            |    52 |    95 |   116 |    21 ||   284
  Block: Buckler           |     1 |       |       |       ||     1
